Map: [ESL] Hard Lead

Players

DnS

  • Race: Protoss Protoss
  • Spawn Location: 11:00

Serral - Winner!

  • Race: Zerg Zerg
  • Spawn Location: 5:00

Event: HomeStory Cup XXIV

VOD

Have the link to the VOD?

Description

Time

  • Played on: Dec. 1, 2023, 6:37 a.m.
  • Length: 20:22

All games in this series

Show
View Real Time Build Order
Export as new Build Order

DnS Protoss 

Build Orders: 1 Gate Expand, Oracle Opening, Archon Immortal 

Get SALT Encoding   

  12  0:00  Probe  
  13  0:12  Probe  
  14  0:20  Pylon  
  14  0:24  Probe  
  15  0:38  Probe (Chrono Boost)  
  15  0:41  Gateway  
  16  0:47  Probe (Chrono Boost)  
  17  0:50  Assimilator  
  17  0:52  Probe  
  18  1:04  Probe  
  19  1:16  Probe  
  20  1:26  Nexus  
  20  1:37  Cybernetics Core  
  20  1:39  Probe  
  21  1:47  Assimilator  
  21  1:51  Probe  
  22  1:55  Pylon  
  22  2:03  Probe (Chrono Boost)  
  23  2:11  Adept (Chrono Boost)  
  23  2:15  Probe (Chrono Boost)  
  26  2:18  Stargate  
  26  2:21  Probe (Chrono Boost)  
  27  2:28  Warp Gate  
  27  2:29  Probe  
  28  2:32  Adept (Chrono Boost)  
  30  2:40  Probe  
  30  2:41  Probe  
  32  2:52  Probe  
  32  2:54  Probe, Adept  
  36  3:03  Oracle (Chrono Boost)  
  36  3:08  Probe  
  36  3:09  Probe  
  36  3:12  Pylon  
  41  3:20  Gateway, Probe  
  41  3:21  Probe  
  43  3:31  Oracle (Chrono Boost)  
  43  3:32  Probe  
  43  3:33  Probe  
  48  3:44  Probe  
  48  3:46  Probe  
  50  3:50  Nexus  
  50  3:57  Probe  
  50  4:00  Probe, Pylon  
  52  4:08  Pylon  
  52  4:10  Probe  
  52  4:13  Assimilator, Probe  
  54  4:17  Assimilator  
  54  4:18  Oracle  
  54  4:22  Probe  
  58  4:25  Robotics Facility  
  58  4:27  Probe  
  59  4:31  Pylon  
  59  4:35  Probe (Chrono Boost)  
  59  4:37  Forge  
  59  4:38  Twilight Council  
  60  4:40  Probe (Chrono Boost)  
  61  4:47  Stalker  
  61  4:51  Probe (Chrono Boost)  
  61  4:52  Probe (Chrono Boost)  
  65  4:57  Probe (Chrono Boost)  
  67  5:02  Probe x2 (Chrono Boost)  
  69  5:12  Probe (Chrono Boost), Robotics Bay  
  69  5:13  Probe x2 (Chrono Boost)  
  71  5:15  Robotics Facility  
  71  5:19  Protoss Ground Weapons Level 1  
  71  5:21  Probe (Chrono Boost)  
  74  5:22  Probe (Chrono Boost)  
  74  5:24  Probe (Chrono Boost)  
  74  5:26  Pylon  
  75  5:29  Observer  
  75  5:30  Probe (Chrono Boost)  
  75  5:31  Probe (Chrono Boost)  
  75  5:33  Charge  
  75  5:34  Probe (Chrono Boost)  
  78  5:35  Probe (Chrono Boost)  
  78  5:37  Assimilator, Probe (Chrono Boost)  
  78  5:38  Assimilator, Shield Battery  
  78  5:42  Probe  
  81  5:44  Zealot  
  81  5:45  Probe  
  81  5:47  Immortal (Chrono Boost)  
  81  5:49  Probe  
  83  5:54  Probe  
  84  5:57  Probe  
  84  6:01  Probe  
  92  6:05  Pylon  
  92  6:10  Colossus (Chrono Boost), Pylon  
  92  6:13  Probe  
  92  6:16  Colossus (Chrono Boost)  
  93  6:25  Gateway  
  99  6:29  Gateway x2  
  99  6:30  Extended Thermal Lance  
  99  6:31  Gateway, Probe  
  100  6:35  Photon Cannon  
  100  6:36  Probe  
  101  6:53  Colossus (Chrono Boost)  
  109  7:03  Colossus (Chrono Boost)  
  109  7:05  Templar Archives, Probe x3  
  112  7:09  Nexus  
  112  7:10  Pylon  
  112  7:11  Protoss Ground Weapons Level 2 (Chrono Boost)  
  112  7:14  Pylon  
  112  7:18  Gateway  
  112  7:19  Gateway  
  112  7:21  Probe  
  112  7:22  Probe x2  
  115  7:38  Immortal (Chrono Boost)  
  119  7:48  Shield Battery  
  119  7:49  Immortal (Chrono Boost)  
  119  7:50  Photon Cannon  
  123  7:52  Psionic Storm  
  123  7:55  Zealot x4  
  123  7:56  Zealot x2  
  133  8:01  Pylon  
  133  8:02  Pylon x2  
  131  8:06  Shield Battery  
  131  8:08  Probe  
  131  8:09  Photon Cannon  
  131  8:11  Assimilator  
  132  8:17  Pylon  
  132  8:19  Pylon  
  132  8:22  High Templar x3  
  132  8:25  Immortal  
  132  8:27  High Templar  
  144  8:30  Immortal  
  148  8:35  Assimilator  
  148  8:39  Photon Cannon  
  148  8:40  Probe x2  
  150  8:41  Pylon  
  150  8:44  Photon Cannon  
  150  8:45  Photon Cannon, Probe  
  151  8:53  High Templar x2  
  153  8:55  Zealot x4  
  153  8:59  Archon  
  161  9:07  Photon Cannon  
  161  9:08  Photon Cannon  
  153  9:11  Immortal (Chrono Boost)  
  147  9:23  Zealot x6, Immortal (Chrono Boost)  
  123  9:36  Gateway  
  123  9:37  Gateway  
  123  9:39  High Templar x2  
  123  9:40  Photon Cannon  
  123  9:41  Shield Battery  
  123  9:44  High Templar x2  
  123  9:45  High Templar x2, Photon Cannon  
  133  9:48  Archon  
  133  9:50  Archon  
  133  9:51  High Templar  
  137  9:55  Zealot  
  137  9:56  Colossus (Chrono Boost)  
  145  10:00  Pylon  
  145  10:05  Probe x3  
  148  10:12  Zealot x2  
  148  10:13  Colossus (Chrono Boost)  
  156  10:16  High Templar  
  156  10:17  High Templar  
  156  10:18  Zealot x3  
  166  10:22  Archon  
  154  10:33  Colossus (Chrono Boost)  
  154  10:34  Zealot x5  
  144  10:46  High Templar  
  144  10:48  Shield Battery  
  138  10:50  High Templar, Shield Battery  
  138  10:51  Photon Cannon  
  138  10:56  Colossus (Chrono Boost)  
  140  11:00  High Templar  
  146  11:06  Zealot x4  
  146  11:07  Zealot x3  
  158  11:20  Observer (Chrono Boost)  
  158  11:24  Archon  
  128  11:27  Zealot x7  
  119  11:36  Colossus (Chrono Boost)  
  115  11:45  High Templar x3  
  115  11:46  Probe x3  
  115  11:47  Probe  
  125  11:54  High Templar x2  
  129  11:57  Archon  
  129  11:58  Probe  
  130  12:05  High Templar x2  
  130  12:06  Probe x3  
  137  12:10  Archon, Probe  
  137  12:13  High Templar x2  
  140  12:17  Archon  
  140  12:18  Probe  
  140  12:19  Zealot x4  
  147  12:28  Immortal (Chrono Boost)  
  147  12:29  Immortal (Chrono Boost)  
  145  12:37  Zealot x2  
  145  12:39  Archon  
  145  12:40  Zealot  
  145  12:41  Zealot x5  
  123  12:52  Observer  
  123  12:53  Pylon  
  123  12:55  Probe  
  123  12:56  Probe x2  
  126  13:01  High Templar x4  
  134  13:06  Immortal (Chrono Boost)  
  134  13:07  Immortal (Chrono Boost)  
  142  13:16  Nexus  
  142  13:19  Pylon  
  140  13:22  Pylon  
  140  13:26  Stalker  
  142  13:28  High Templar x2  
  142  13:29  Zealot x3  
  142  13:33  Archon  
  147  13:43  Protoss Ground Weapons Level 3 (Chrono Boost)  
  147  13:44  Archon x2  
  147  13:47  Stalker x4  
  133  14:04  Warp Prism (Chrono Boost)  
  133  14:06  High Templar x3  
  141  14:10  Nexus  
  141  14:12  Zealot x2  
  146  14:17  Probe (Chrono Boost)  
  146  14:19  Shield Battery  
  146  14:20  Photon Cannon, Pylon  
  146  14:22  High Templar x2, Probe (Chrono Boost)  
  146  14:23  Zealot x3, Probe x2 (Chrono Boost)  
  159  14:28  Archon  
  159  14:30  Probe x2 (Chrono Boost)  
  156  14:31  Probe x2 (Chrono Boost)  
  145  14:38  Zealot x3  
  145  14:40  Probe  
  145  14:41  Probe  
  145  14:42  Zealot x2  
  145  14:43  Probe  
  141  14:47  Zealot x3  
  143  14:59  Shield Battery  
  143  15:01  Photon Cannon  
  143  15:02  High Templar x3  
  143  15:04  High Templar  
  151  15:08  Archon x2  
  151  15:15  High Templar  
  151  15:20  Zealot x3  
  159  15:26  Archon  
  159  15:27  High Templar  
  159  15:28  High Templar  
  148  15:34  High Templar x2  
  148  15:36  Probe x3  
  151  15:54  High Templar x2  
  155  15:58  Archon  
  155  15:59  Nexus, Blink (Chrono Boost)  
  155  16:00  Observer  
  155  16:01  Pylon  
  155  16:15  High Templar x2  
  155  16:16  Zealot  
  155  16:17  Zealot x2  
  165  16:19  Archon  
  165  16:25  Zealot x3  
  148  16:34  Archon  
  148  16:35  Archon  
  148  16:38  High Templar x2  
  132  16:42  Probe x3  
  132  16:45  Probe  
  134  16:54  Probe x2 (Chrono Boost)  
  134  16:57  High Templar, Probe (Chrono Boost)  
  134  17:02  Probe (Chrono Boost)  
  134  17:05  Probe (Chrono Boost)  
  134  17:06  Shield Battery, Probe (Chrono Boost)  
  134  17:07  Probe (Chrono Boost)  
  137  17:09  High Templar  
  137  17:11  High Templar, Probe (Chrono Boost)  
  139  17:18  Zealot  
  126  17:23  Zealot x3  
  135  17:30  Probe x3 (Chrono Boost)  
  135  17:33  Probe (Chrono Boost)  
  135  17:34  Probe (Chrono Boost)  
  137  17:41  Probe x3 (Chrono Boost)  
  141  17:46  Probe (Chrono Boost)  
  141  17:48  Zealot  
  136  17:57  Probe x2  
  125  18:02  Observer, High Templar x2  
  125  18:03  High Templar  
  125  18:04  High Templar  
  133  18:07  Archon x2  
  133  18:08  Probe (Chrono Boost)  
  133  18:09  Probe (Chrono Boost)  
  133  18:10  Probe (Chrono Boost)  
  133  18:12  Probe (Chrono Boost)  
  136  18:16  Probe (Chrono Boost)  
  139  18:20  Probe (Chrono Boost)  
  139  18:21  Probe (Chrono Boost)  
  139  18:25  Observer  
  139  18:26  Probe (Chrono Boost)  
  143  18:27  Probe x2 (Chrono Boost)  
  143  18:28  Probe (Chrono Boost)  
  143  18:29  Probe (Chrono Boost)  
  143  18:32  Probe  
  146  18:40  Probe  
  147  18:52  Stalker x4  
  151  19:00  Probe x2  
  151  19:01  Probe x2  
  151  19:02  High Templar  
  156  19:03  High Templar  
  156  19:07  Archon  
  156  19:12  Zealot x3, Probe  
  160  19:26  Stalker x2  
  160  19:27  Stalker x2  
  149  19:51  Stalker x5  
  151  19:56  Stalker  
  151  20:00  Zealot x2  
Show
View Real Time Build Order
Export as new Build Order

Serral Zerg - Winner!

Build Orders: Hatch First 

Get SALT Encoding   

  12  0:00  Drone  
  13  0:12  Overlord  
  13  0:16  Drone  
  14  0:31  Drone x2  
  16  0:43  Drone  
  17  0:51  Hatchery  
  17  0:54  Drone  
  17  0:57  Drone  
  18  1:07  Extractor  
  17  1:13  Spawning Pool  
  17  1:15  Drone  
  17  1:19  Drone  
  18  1:29  Drone  
  19  1:39  Drone  
  20  1:52  Overlord  
  20  1:59  Queen  
  22  2:03  Queen  
  22  2:04  Zergling x4  
  22  2:08  Metabolic Boost  
  26  2:11  Drone  
  26  2:13  Drone  
  28  2:21  Drone  
  29  2:24  Drone  
  30  2:36  Hatchery  
  29  2:39  Drone  
  29  2:43  Queen  
  32  2:46  Zergling x2  
  32  2:50  Overlord  
  33  2:53  Drone  
  33  2:57  Drone  
  34  3:07  Overlord  
  34  3:08  Drone  
  34  3:10  Drone  
  34  3:12  Zergling x2, Queen  
  37  3:15  Drone  
  37  3:16  Drone  
  37  3:17  Drone  
  42  3:22  Drone x2  
  42  3:26  Drone  
  45  3:27  Drone  
  45  3:30  Queen  
  48  3:36  Overlord  
  48  3:37  Drone  
  49  3:42  Zergling x2  
  49  3:43  Zergling x2  
  49  3:48  Spore Crawler, Queen  
  51  3:50  Zergling x2  
  51  3:53  Drone x2  
  51  3:54  Drone  
  55  3:58  Drone  
  55  4:01  Drone x2  
  57  4:05  Overlord  
  57  4:06  Drone  
  57  4:07  Drone  
  57  4:09  Zergling x2  
  60  4:12  Drone  
  60  4:15  Drone  
  62  4:18  Spore Crawler  
  62  4:19  Drone  
  62  4:21  Drone x2  
  64  4:29  Drone  
  64  4:31  Drone, Roach Warren  
  66  4:32  Drone  
  66  4:33  Drone x2  
  66  4:34  Drone  
  66  4:36  Overlord  
  66  4:38  Drone  
  70  4:41  Drone  
  70  4:42  Drone  
  70  4:44  Zergling x2  
  70  4:45  Drone  
  74  4:49  Lair  
  74  4:51  Extractor  
  73  4:54  Drone x5  
  73  4:58  Overlord  
  78  5:01  Drone x3  
  78  5:05  Evolution Chamber  
  78  5:11  Hatchery  
  78  5:12  Drone  
  78  5:13  Drone  
  79  5:15  Drone x2  
  79  5:16  Extractor  
  79  5:17  Drone  
  79  5:18  Drone  
  82  5:23  Drone x2  
  82  5:24  Drone x2, Extractor  
  82  5:25  Extractor  
  82  5:26  Drone x2  
  82  5:28  Drone  
  87  5:31  Zerg Missile Weapons Level 1  
  87  5:32  Drone x3  
  87  5:35  Overlord  
  90  5:37  Overlord  
  90  5:42  Extractor  
  88  5:43  Drone  
  88  5:45  Overlord  
  89  5:50  Glial Reconstitution  
  89  5:52  Infestation Pit  
  89  5:54  Drone x2  
  89  5:56  Drone x4  
  89  5:57  Drone x2, Overseer  
  94  6:03  Drone x2  
  96  6:04  Overlord  
  96  6:06  Roach x3  
  102  6:13  Drone x2  
  102  6:14  Drone  
  102  6:17  Baneling Nest  
  104  6:20  Drone x2  
  104  6:24  Overlord  
  106  6:25  Overlord  
  106  6:28  Drone x3  
  106  6:29  Drone x2  
  106  6:30  Extractor, Queen  
  112  6:33  Drone, Spore Crawler  
  112  6:34  Hive  
  112  6:35  Roach x2  
  112  6:37  Roach  
  118  6:40  Overlord  
  118  6:42  Roach x2  
  119  6:47  Overlord  
  119  6:53  Drone x5  
  119  6:54  Drone  
  124  6:56  Roach x2  
  124  6:59  Hatchery  
  124  7:00  Roach x2  
  133  7:01  Roach  
  133  7:03  Centrifugal Hooks  
  133  7:07  Overlord x2  
  132  7:11  Roach x3, Evolution Chamber  
  137  7:16  Ravager  
  137  7:17  Ravager x2  
  137  7:20  Roach x5  
  150  7:25  Zerg Melee Weapons Level 1  
  150  7:26  Zergling x10  
  150  7:29  Overlord  
  155  7:33  Zergling x12  
  155  7:34  Zergling x2  
  162  7:39  Zerg Missile Weapons Level 2  
  162  7:41  Zergling x8  
  166  7:45  Overlord x3  
  166  7:46  Overlord  
  166  7:47  Viper  
  166  7:50  Viper  
  172  7:57  Zergling x10  
  172  7:59  Adrenal Glands  
  172  8:06  Zergling x12  
  178  8:14  Zergling x2  
  178  8:15  Zergling x18  
  188  8:24  Baneling x31  
  188  8:28  Zergling x14  
  188  8:32  Baneling x6  
  195  8:38  Baneling x4  
  195  8:41  Zergling x10  
  200  8:46  Baneling x6  
  200  8:52  Baneling  
  200  8:53  Baneling x3  
  200  9:02  Baneling  
  200  9:03  Baneling x8  
  200  9:07  Zergling x6  
  177  9:17  Zergling x36  
  177  9:18  Zergling x14  
  179  9:29  Zergling x12  
  179  9:30  Zergling x12  
  168  9:35  Roach x5  
  168  9:36  Zerg Melee Weapons Level 2, Baneling x14  
  176  9:44  Zergling x14  
  183  9:52  Baneling x12  
  183  9:53  Baneling  
  183  9:59  Baneling x5  
  183  10:02  Zergling x22  
  183  10:04  Hatchery  
  193  10:09  Zerg Ground Armor Level 1  
  193  10:13  Baneling x4  
  192  10:17  Baneling x3  
  192  10:20  Zergling x14  
  173  10:32  Zergling x10  
  173  10:33  Zergling x20  
  173  10:35  Zergling x4  
  165  10:42  Drone x5  
  162  10:43  Drone  
  162  10:48  Drone x3  
  162  10:49  Zergling x8  
  165  10:51  Baneling x15  
  165  10:52  Baneling x10  
  167  10:57  Roach x4  
  173  11:05  Roach x5  
  183  11:15  Zergling x18  
  189  11:21  Zergling x2  
  189  11:22  Zergling x4  
  172  11:27  Zergling x2  
  172  11:28  Zergling x10  
  171  11:35  Roach x12  
  190  11:40  Zergling x8  
  190  11:46  Baneling x17  
  193  11:50  Zergling x12  
  199  11:57  Extractor, Spire  
  199  11:58  Drone x2  
  199  12:05  Baneling x7  
  198  12:18  Baneling x9  
  197  12:24  Zergling x6  
  187  12:42  Zergling x56  
  184  12:48  Zergling x20, Roach x3  
  186  12:54  Zergling x12, Roach x2  
  186  12:57  Zerg Melee Weapons Level 3  
  194  12:59  Zerg Ground Armor Level 2  
  194  13:02  Baneling x5  
  194  13:04  Baneling  
  194  13:05  Baneling x9  
  194  13:07  Zergling x10  
  194  13:12  Baneling x11  
  199  13:24  Baneling x7  
  198  13:27  Zergling x4  
  199  13:35  Greater Spire  
  193  13:43  Zergling x2  
  193  13:44  Zergling x32  
  193  13:52  Zergling x2  
  193  13:53  Zergling x22  
  198  14:02  Baneling x30  
  194  14:03  Baneling  
  194  14:10  Baneling x7  
  194  14:13  Zergling x12  
  200  14:30  Zergling x2  
  199  14:38  Zergling x22  
  198  14:50  Baneling x9  
  198  14:51  Baneling x15  
  195  14:54  Zerg Flyer Weapons Level 1  
  195  14:55  Zergling x8  
  195  14:56  Baneling x12  
  199  15:25  Zergling x38  
  199  15:26  Zergling x6  
  191  15:32  Corruptor x7  
  198  15:38  Extractor  
  198  15:39  Corruptor  
  199  16:03  Spore Crawler  
  199  16:04  Spore Crawler x2  
  197  16:05  Spore Crawler, Brood Lord x2  
  197  16:06  Spore Crawler x3, Brood Lord  
  197  16:10  Spore Crawler x5, Corruptor  
  194  16:11  Spore Crawler, Brood Lord x2  
  194  16:12  Spore Crawler  
  194  16:13  Brood Lord  
  194  16:17  Extractor  
  194  16:18  Extractor  
  194  16:20  Brood Lord  
  164  16:33  Zergling x34  
  164  16:34  Zergling x12  
  164  16:36  Zergling x4  
  154  16:44  Brood Lord  
  151  16:49  Zergling x12  
  155  17:00  Drone x2  
  155  17:01  Drone x3  
  155  17:02  Drone x2  
  155  17:06  Corruptor  
  162  17:14  Corruptor  
  162  17:15  Corruptor  
  162  17:28  Drone x2  
  164  17:30  Corruptor x2  
  164  17:35  Zerg Flyer Weapons Level 2  
  168  17:39  Brood Lord  
  170  17:46  Brood Lord x2  
  174  17:51  Zergling x12  
  175  18:01  Brood Lord x2  
  175  18:04  Extractor  
  172  18:22  Hatchery  
  171  18:27  Infestor  
  171  18:28  Infestor x4  
  171  18:29  Neural Parasite  
  171  18:30  Burrow  
  181  18:35  Infestor x2  
  181  18:39  Overseer x3  
  185  18:56  Zergling x8  
  182  19:17  Zergling x30  
  192  19:37  Zergling x2  
  192  19:38  Zergling x18  
  191  19:58  Zergling x18  
Tags
 
Add a new tag
Caveats
  • Supply blocks, unpowered buildings, or Contaminate may cause inaccurate times.
  • Supply counts are checked every 10 seconds.